 Dungeon Crawl Stone Soup version 0.18-a0-1805-g8ab820f (webtiles) character file.

80 juanjsm the Sneak (level 4, -1/21 HPs)
             Began as a Spriggan Enchanter on Apr 26, 2016.
             Slain by a quokka (2 damage)
             ... on level 2 of the Dungeon.
             The game lasted 00:04:33 (1281 turns).

juanjsm the Sneak (Spriggan Enchanter)              Turns: 1281, Time: 00:04:34

Health: -1/21      AC:  3    Str:  4    XL:     4   Next: 18%
Magic:  2/10       EV: 18    Int: 17    God:
Gold:   165        SH:  0    Dex: 16    Spells: 4 memorised, 0 levels left

rFire  . . .     SeeInvis +     a - +1 dagger
rCold  . . .     Gourm    .     b - +1 robe
rNeg   . . .     Faith    .     (shield restricted)
rPois  .         Spirit   .     (helmet restricted)
rElec  .         Dismiss  .     (no cloak)
rCorr  .         Reflect  .     (gloves unavailable)
SustAt .         Harm     .     (boots unavailable)
MR     .....                    (no amulet)
Stlth  +++.......               (no ring)
                                (no ring)

@: very slightly contaminated, very quick, not resistant to hostile
enchantments, fairly stealthy
A: unfitting armour, see invisible, herbivore 3, speed 3, slow metabolism 2
a: no special abilities


You were on level 2 of the Dungeon.
You were not hungry.

You visited 1 branch of the dungeon, and saw 3 of its levels.

You collected 165 gold pieces.

Inventory:

Hand Weapons
 a - a +1 dagger (weapon)
Armour
 b - a +1 robe (worn)
Scrolls
 e - 2 scrolls of enchant weapon {unknown}
 g - a scroll of amnesia {unknown}
 h - 2 scrolls of enchant armour {unknown}
 i - a scroll of fear {unknown}
 j - a scroll of magic mapping {unknown}
 k - a scroll of identify {unknown}
 l - a scroll of teleportation {unknown}
Potions
 f - a potion of heal wounds {unknown}
 m - a potion of berserk rage {unknown}
 n - 2 potions of curing {unknown}
 o - a potion of beneficial mutation {unknown}
Books
 c - a book of Maledictions

   Spells                             Type                      Level
   a - Corona                         Hexes                        1
   b - Ensorcelled Hibernation        Hexes/Ice                    2
   c - Confuse                        Hexes                        3
   d - Tukima's Dance                 Hexes                        3
   e - Dazzling Spray                 Conjuration/Hexes            3
Comestibles
 d - a bread ration


   Skills:
 + Level 0.1 Fighting
 + Level 1.3 Short Blades
 + Level 3.5 Dodging
 + Level 5.3 Stealth
 + Level 3.4 Spellcasting
 + Level 4.4 Hexes
 + Level 0.7 Ice Magic


You couldn't memorise any spells.
You knew the following spells:

 Your Spells              Type           Power        Failure   Level  Hunger
a - Corona                Hex            ###....      2%          1    None
b - Ensorcelled Hibernat  Hex/Ice        ##....       12%         2    ##.....
c - Confuse               Hex            ###.....     10%         3    ###....
d - Dazzling Spray        Conj/Hex       ##......     21%         3    ###....


Dungeon Overview and Level Annotations

Branches:
Dungeon (3/15)

Altars:


Innate Abilities, Weirdness & Mutations

You are tiny and cannot use many weapons and most armour.
You have supernaturally acute eyesight.
You are a herbivore.
You cover ground extremely quickly.
You need consume almost no food.


Message History

The hobgoblin hits you with a club.
You miss the quokka. The quokka misses you. The hobgoblin closely misses you.
You completely miss the quokka. The quokka completely misses you.
The hobgoblin hits you with a club. The quokka closely misses you.
You hit the quokka.
The quokka is heavily wounded.
The quokka misses you. The hobgoblin barely misses you.
You hit the hobgoblin.
The hobgoblin is moderately wounded.
The quokka bites you.
You hit the hobgoblin but do no damage.
The hobgoblin is moderately wounded.
The hobgoblin hits you with a club.
* * * LOW HITPOINT WARNING * * *
The quokka bites you.
* * * LOW HITPOINT WARNING * * *
You hit the hobgoblin.
The hobgoblin is almost dead.
The hobgoblin misses you. The quokka bites you.
You die...

#.....#
#.....# #..
#.....#
#.....# #..
#######
####### #..
######## #..
#......# #..
#......# #..
#......# #..
#.rg...# ###
+.@...?+
#####+#%.....#
#.....?......#
#$...........#
#............#
#######
#..†.........#
#.....#
#...........##
#.....#
#####'#....(#
#.....####
#.#.....#
#.)...'..#


You could see a quokka and a hobgoblin.

Vanquished Creatures
  3 adders (D:2)
  An ooze (D:3)
  4 worms (D:2)
  2 dart slugs
  3 giant geckos
  4 bats
  3 goblins
  3 hobgoblins
  2 jackals (D:2)
  A quokka (D:2)
  3 kobolds
  5 rats
34 creatures vanquished.

Notes
Turn   | Place    | Note
--------------------------------------------------------------
     0 | D:1      | juanjsm the Spriggan Enchanter began the quest for the Orb.
     0 | D:1      | Reached XP level 1. HP: 9/9 MP: 5/5
    80 | D:1      | Reached XP level 2. HP: 9/13 MP: 6/6
    84 | D:1      | Learned a level 2 spell: Ensorcelled Hibernation
   536 | D:2      | Reached skill level 5 in Stealth
   554 | D:2      | Reached XP level 3. HP: 16/16 MP: 1/8
   559 | D:2      | Learned a level 3 spell: Confuse
  1197 | D:2      | Reached XP level 4. HP: 16/21 MP: 5/10
  1203 | D:2      | Learned a level 3 spell: Dazzling Spray
  1280 | D:2      | HP: 1/21 [quokka (1)]
  1281 | D:2      | Slain by a quokka

Vault maps used:
D:1:      minmay_arrival_four_circles
D:2:      kennysheep_doodads, minmay_misc_feat_enclosed, tgw_kikubaaqudgha
D:3:      minmay_misc_feat_pillars

Skill      XL: |  1  2 |
---------------+-------+-----
Hexes          | 4 |  4.4
Stealth        | 5 |  5.3
Spellcasting   | 3 |  3.4
Fighting       | |  0.1
Short Blades   | |  1.3
Dodging        | |  3.5
Ice Magic      | |  0.7

Action                   |  1- 3 |  4- 6 || total
-------------------------+-------+-------++-------
Melee: Dagger            |    80 |    15 ||    95
 Cast: Corona            |     7 |       ||     7
       Ensorcelled Hiber |    19 |     4 ||    23
 Stab: Sleeping          |    23 |     1 ||    24
Armor: Robe              |     6 |     1 ||     7
Dodge: Dodged            |    52 |    16 ||    68
